AoeStats
← Clueless Clown

MegaRandom

506424627Analyzed
2v2 RM · 18d ago on Sep 13, 2026· 30m 48s· 4 players
Game mode
Random Map
Map size
Medium (4 player)
Population
200
Speed
Normal
Resources
Standard
Victory
Conquest
Starting age
Dark Age
Ending age
Imperial Age
RankedLock teamsTeams togetherTeam positionsShared explorationLock speedFull tech treeHidden civsTurbo modeCheats
Victory
Defeat
🇺🇸 Jurchens · United States
1104
+15
🇪🇸 Franks · Spain
1073
+16
🇬🇧 Hindustanis · United Kingdom
1140
-17
🇬🇧 Malians · United Kingdom
1031
-14
Clueless Clown
6:55 Loom
7:22 Loom
10:20 Feudal Age
14:02 Castle Age
13:25 Scale Mail Armor
14:47 Squires
19:24 Chain Mail Armor
19:06 Arson
19:32 Gambesons
21:17 Forging
25:16 Double-Bit Axe
27:25 Bow Saw
27:18 Horse Collar
29:27 Iron Casting
31:14 Wheelbarrow
DonKaiju
4:03 Loom
10:51 Feudal Age
12:12 Wheelbarrow
16:04 Castle Age
15:25 Forging
15:20 Scale Barding Armor
15:22 Double-Bit Axe
17:11 Town Watch
19:24 Iron Casting
25:20 Chain Barding Armor
26:27 Husbandry
Maximus Noob
5:19 Loom
11:15 Feudal Age
16:36 Wheelbarrow
15:46 Town Watch
16:51 Scale Barding Armor
18:26 Bloodlines
19:53 Fletching
24:22 Castle Age
24:47 Man-at-Arms
25:44 Elite Skirmisher
25:56 Long Swordsman
27:04 Bodkin Arrow
Wayward Noob
10:29 Loom
12:14 Feudal Age
14:05 Double-Bit Axe
17:05 Castle Age
14:32 Man-at-Arms
15:33 Forging
15:24 Scale Mail Armor
15:34 Arson
15:46 Gold Mining
15:56 Horse Collar
17:09 Long Swordsman
17:50 Squires
27:54 Wheelbarrow
26:43 Pikeman
30:48 Chain Mail Armor
Connection lost

Rejoining the realm…

Still unreachable

The connection could not be restored.

Session expired

The server has moved on; the page needs a fresh start.